 Dungeon Crawl Stone Soup version 0.28.0-53-g5a82cb258f (webtiles) character file.

Game seed: 16981696513111833457

22 Zeld the Ogre Mage (level 2, -1/28 HPs)
             Began as an Ogre Transmuter on June 7, 2022.
             Slain by a quokka (2 damage)
             ... on level 1 of the Dungeon.
             The game lasted 00:00:58 (1000 turns).

Zeld the Ogre Mage (Ogre Transmuter)                Turns: 1000, Time: 00:00:59

Health: -1/28      AC:  3    Str: 13    XL:     2   Next: 91%
Magic:  5/6        EV:  9    Int: 14    God:
Gold:   27         SH:  0    Dex:  9    Spells: 4/7 levels left

rFire   . . .      SeeInvis .     - Unarmed
rCold   . . .      Faith    .   (no shield)
rNeg    . . .      Spirit   .   a - +0 robe
rPois   .          Reflect  .   (helmet restricted)
rElec   .          Harm     .   (no cloak)
rCorr   .          Rampage  .   (gloves unavailable)
Will    .....                   (boots unavailable)
Stlth   +.........              (no amulet)
HPRegen 0.09/turn               (no ring)
MPRegen 0.10/turn               (no ring)

@: very slightly contaminated
A: large, unfitting armour, tough skin 1
a: no special abilities


You were on level 1 of the Dungeon.
You visited 1 branch of the dungeon, and saw 1 of its levels.

You collected 27 gold pieces.

Inventory:

Armour
 a - a +0 robe (worn)
Scrolls
 d - 2 scrolls of identify {unknown}
Potions
 b - a potion of curing {unknown}
 c - a potion of flight {unknown}


   Skills:
 + Level 2.0 Fighting
 - Level 1.7 Dodging
 - Level 2.6 Unarmed Combat
 * Level 3.0 Spellcasting
 * Level 2.3 Transmutations


You had 4 spell levels left.
You knew the following spells:

 Your Spells              Type           Power      Damage    Failure   Level
a - Beastly Appendage     Tmut           16%        N/A       9%          1
b - Wereblood             Tmut           8%         N/A       12%         2

Your spell library contained the following spells:

 Spells                   Type           Power      Damage    Failure   Level
 Spider Form              Tmut/Pois      5%         N/A       36%         3
 Ice Form                 Ice/Tmut       5%         N/A       78%         4


Dungeon Overview and Level Annotations

Branches:
Dungeon (1/15)

Altars:


Innate Abilities, Weirdness & Mutations

You are too large for most types of armour.
You have tough skin. (AC +1)


Message History

The quokka bites you.
You closely miss the quokka. You hit the quokka.
The quokka is heavily wounded.
The quokka bites you. x2
You are too injured to fight recklessly!
You hit the quokka. Your kick misses the quokka.
The quokka is almost dead.
The quokka closely misses you. The quokka bites you.
You are too injured to fight recklessly!
You are too injured to fight recklessly!
You closely miss the quokka.
The quokka is almost dead.
The quokka closely misses you.
The quokka bites you but does no damage.
You closely miss the quokka. Your kick misses the quokka.
The quokka is almost dead.
The quokka bites you. x2
The quokka twitches its whiskers.
The quokka bites you.
* * * LOW HITPOINT WARNING * * *
You hit the quokka but do no damage. Your kick misses the quokka.
Your headbutt misses the quokka.
Your horns disappear.
Your talons disappear.
The quokka bites you.
* * * LOW HITPOINT WARNING * * *
The quokka misses you.
Unknown command.
You closely miss the quokka.
The quokka is almost dead.
The quokka bites you.
* * * LOW HITPOINT WARNING * * *
The quokka closely misses you.
Unknown command.
Casting: Beastly Appendage (safe; 9% risk of failure)
Confirm with . or Enter, or press ? or * to list all spells.
You miscast Beastly Appendage.
You are very lightly contaminated with residual magic.
Nothing appears to happen.
The quokka barely misses you. The quokka bites you.
You die...

#+## ##...## ###
##.....## ##..
##.......## ##..#
...####.........####...#
......r@........+.......
...####r........####...#
##.......# ##..#
##.....## ###†#
#######...## #....
#...).....# ##..#.
#.#.......# #...#.
#.#.####..# #.####
#^#.####..# #...#.


You could see 2 quokkas.

Vanquished Creatures
  2 ball pythons (D:1)
  3 endoplasms (D:1)
  2 hobgoblins (D:1)
  A quokka (D:1)
  3 bats (D:1)
  3 goblins (D:1)
  2 kobolds (D:1)
  6 rats (D:1)
22 creatures vanquished.

Notes
Turn   | Place    | Note
-------+----------+-------------------------------------------
     0 | D:1      | Zeld the Ogre Transmuter began the quest for the Orb.
     0 | D:1      | Reached XP level 1. HP: 19/19 MP: 3/3
   299 | D:1      | Reached XP level 2. HP: 28/28 MP: 3/5
   326 | D:1      | Learned a level 2 spell: Wereblood
   709 | D:1      | Reached skill level 3 in Spellcasting
   999 | D:1      | HP: 1/28 [quokka (2)]
  1000 | D:1      | Slain by a quokka

Illustrated notes

Levels and vault maps discovered:
D:1:      dpeg_arrival_tiny_h, layout_loops_corners

Skill      XL: |  1  2 |
---------------+-------+-----
Transmutations | 2 |  2.3
Fighting       | 2 |  2.0
Spellcasting   | 3 |  3.0
Dodging        | |  1.7
Unarmed Combat | |  2.6

Action                   || total
-------------------------++-------
Melee: Unarmed           ||    57
       Kick              ||     7
       Headbutt          ||     5
       Punch             ||     1
 Cast: Beastly Appendage ||    18
 Stab: Sleeping          ||     1
Armor: Robe              ||    23
Dodge: Dodged            ||    36
